 Dungeon Sprint DCSS version 0.17-a0-18-gc25b939 (webtiles) character file.

1128 BluebellGnoll the Martial Artist (level 8, 0/58 HPs)
             Began as a Demonspawn Monk on Mar 9, 2015.
             Was an Elder of Makhleb.
             Slain by a komodo dragon (29 damage)
             ... in the Dungeon (Sprint IX: "|||||||||||||||||||||||||||||").
             The game lasted 00:02:21 (331 turns).

BluebellGnoll the Martial Artist (Demonspawn Monk)   Turns: 331, Time: 00:02:21

Health: 0/58       AC:  7    Str: 13    XL:     8   Next: 13%
Magic:  8/8        EV: 15    Int: 11    God:    Makhleb [****..]
Gold:   0          SH:  0    Dex: 17    Spells: 0 memorised, 7 levels left

rFire  . . .     SeeInvis .       - Unarmed
rCold  . . .     Clarity  .     a - +0 robe
rNeg   . . .     SustAb   .     (no shield)
rPois  .         Gourm    .     o - +0 helmet
rElec  .         Spirit   .     n - +0 cloak
rCorr  .         Warding  .     (no gloves)
rMut   .         NoTele   +     (no boots)
MR     .....                    (no amulet)
Stlth  ++........               (no ring)
                                q - +2 ring of evasion

@: not resistant to hostile enchantments, unstealthy
A: talons 2, slimy green scales 1, spiny 3
a: Minor Destruction, Lesser Servant of Makhleb, Major Destruction, Renounce
Religion


You were in the Dungeon.
You worshipped Makhleb.
Makhleb was greatly pleased with you.
You were not hungry.

You visited 1 branch

Inventory:

Hand weapons
 s - a +0 shortbow
Missiles
 e - 5 tomahawks (quivered)
 t - 15 arrows of frost
Armour
 a - a +0 robe (worn)
 n - a +0 cloak (worn)
 o - a +0 helmet (worn)
 p - a +0 plate armour
Magical staves
 m - an uncursed staff of energy
Jewellery
 q - a +2 ring of evasion (left hand)
 r - a +3 ring of intelligence
Magical devices
 l - a wand of draining (4)
Scrolls
 h - 2 scrolls of blinking
 j - 3 scrolls of remove curse
 k - 2 scrolls of amnesia
Potions
 c - 5 potions of curing
 d - 3 potions of heal wounds
 f - 4 potions of magic
 i - a potion of invisibility
Comestibles
 b - a bread ration
 g - 2 chunks of flesh


   Skills:
 - Level 3.0 Fighting
 * Level 7.0 Armour
 - Level 2.6 Dodging
 - Level 1.7 Stealth
 + Level 14.5 Unarmed Combat


You had 7 spell levels left.
You didn't know any spells.

Dungeon Overview and Level Annotations

Branches:
Dungeon (1/1)

Altars:
Cheibriados
Dithmenos
Elyvilon
Fedhas
Gozag
Kikubaaqudgha
Makhleb
Nemelex Xobeh
Okawaru
Qazlal
Ru
Sif Muna
Trog
Vehumet
Xom
Yredelemnul
Zin
The Shining One
Beogh
Jiyva
Lugonu


Innate Abilities, Weirdness & Mutations

You have razor-sharp toenails.
You are partially covered in slimy green scales (AC +2).
You are completely covered in sharp spines.


Message History

The crimson imp blinks!
You hit the komodo dragon.
You claw the komodo dragon, but do no damage.
The komodo dragon is lightly wounded.
You barely miss the komodo dragon.
The komodo dragon is lightly wounded.
The komodo dragon misses you.
You punch the komodo dragon!
You claw the komodo dragon, but do no damage.
The komodo dragon is heavily wounded.
The komodo dragon closely misses you.
You punch the komodo dragon!
You punch the komodo dragon, but do no damage.
The komodo dragon is heavily wounded.
You hit the komodo dragon but do no damage.
The komodo dragon is heavily wounded.
The komodo dragon is struck by your spines.
The komodo dragon bites you!!
Ouch! That really hurt!
You die... ▓▓▓▓▓▓▓▓▓▓▓▓▓▓▓▓▓▓▓▓▓▓▓ +...ul@5....))'.....).. ▓▓▓▓▓▓▓▓▓▓▓▓▓▓▓▓▓▓▓▓▓▓▓

You could see a green ugly thing, a komodo dragon and a crimson imp.

Vanquished Creatures
  A hill giant (D)
  2 orc warriors (D)
  A sky beast (D)
  A centaur (D)
  3 ogres (D)
  A scorpion (D)
  A jelly (D)
  An orc (D)
  3 hobgoblins (D)
  3 goblins (D)
  A rat (D)
18 creatures vanquished.

Notes
Turn   | Place    | Note
--------------------------------------------------------------
     0 | D        | BluebellGnoll, the Demonspawn Monk, began the quest for the Orb.
     0 | D        | Reached XP level 1. HP: 18/18 MP: 1/1
    13 | D        | Reached skill level 4 in Unarmed Combat
    26 | D        | Noticed an ogre
    26 | D        | Noticed a sky beast
    36 | D        | Killed a sky beast
    36 | D        | Reached skill level 9 in Unarmed Combat
    36 | D        | Gained mutation: You are partially covered in sharp spines. [demonic ancestry]
    36 | D        | Reached XP level 2. HP: 14/24 MP: 2/2
    36 | D        | Reached XP level 3. HP: 16/29 MP: 3/3
    36 | D        | Gained mutation: You have sharp toenails. [demonic ancestry]
    36 | D        | Reached XP level 4. HP: 19/35 MP: 4/4
    40 | D        | Killed an ogre
    40 | D        | Reached skill level 10 in Unarmed Combat
    40 | D        | Gained mutation: You are mostly covered in sharp spines. [demonic ancestry]
    40 | D        | Reached XP level 5. HP: 14/41 MP: 5/5
    54 | D        | Found a glowing silver altar of Zin.
    54 | D        | Found a glowing golden altar of the Shining One.
    54 | D        | Found an ancient bone altar of Kikubaaqudgha.
    54 | D        | Found a basalt altar of Yredelemnul.
    54 | D        | Found a shimmering altar of Xom.
    54 | D        | Found a radiant altar of Vehumet.
    54 | D        | Found an iron altar of Okawaru.
    55 | D        | Found a burning altar of Makhleb.
    56 | D        | Found a deep blue altar of Sif Muna.
    57 | D        | Found a bloodstained altar of Trog.
    58 | D        | Found a sparkling altar of Nemelex Xobeh.
    59 | D        | Found a white marble altar of Elyvilon.
    60 | D        | Found a roughly hewn altar of Beogh.
    61 | D        | Found a viscous altar of Jiyva.
    62 | D        | Found a corrupted altar of Lugonu.
    63 | D        | Found a blossoming altar of Fedhas.
    64 | D        | Became a worshipper of Makhleb the Destroyer
    64 | D        | Acquired Makhleb's first power
    64 | D        | Acquired Makhleb's second power
    65 | D        | Found a snail-covered altar of Cheibriados.
    66 | D        | Found a shadowy altar of Dithmenos.
    67 | D        | Found a stormy altar of Qazlal.
    68 | D        | Found an opulent altar of Gozag.
    69 | D        | Found a sacrificial altar of Ru.
   281 | D        | Noticed an orc warrior
   281 | D        | Noticed a jelly
   281 | D        | Noticed an ogre
   281 | D        | Noticed an ogre
   281 | D        | Noticed a hill giant
   281 | D        | Noticed a centaur
   285 | D        | Killed a centaur
   285 | D        | Reached skill level 11 in Unarmed Combat
   286 | D        | Killed a jelly
   286 | D        | Gained mutation: You have razor-sharp toenails. [demonic ancestry]
   286 | D        | Reached XP level 6. HP: 45/47 MP: 6/6
   287 | D        | Killed an ogre
   287 | D        | Acquired Makhleb's third power
   287 | D        | Reached skill level 12 in Unarmed Combat
   290 | D        | Killed a hill giant
   290 | D        | Reached skill level 13 in Unarmed Combat
   290 | D        | Gained mutation: You are partially covered in slimy green scales (AC +2). [demonic ancestry]
   290 | D        | Reached XP level 7. HP: 46/52 MP: 7/7
   291 | D        | Killed an ogre
   291 | D        | Reached skill level 14 in Unarmed Combat
   297 | D        | Killed an orc warrior
   297 | D        | Acquired Makhleb's fourth power
   311 | D        | Noticed a shadow
   311 | D        | Noticed a green ugly thing
   311 | D        | Noticed a komodo dragon
   311 | D        | Noticed a scorpion
   311 | D        | Noticed an orc warrior
   311 | D        | Noticed a crimson imp
   313 | D        | Killed a scorpion
   313 | D        | Gained mutation: You are completely covered in sharp spines. [demonic ancestry]
   313 | D        | Reached XP level 8. HP: 58/58 MP: 8/8
   326 | D        | Killed an orc warrior
   331 | D        | Slain by a komodo dragon

Action                   |  1- 3 |  4- 6 |  7- 9 || total
-------------------------+-------+-------+-------++-------
Melee: Unarmed           |    23 |    10 |    23 ||    56
Evoke: Wand              |       |     2 |     1 ||     3
  Use: Potion            |     2 |       |       ||     2
 Stab: Sleeping          |     1 |       |       ||     1
